[Event "Titled Tuesday Blitz July 27 2021"]
[White "Dobrowolski, Piotr"]
[Black "Vasquez Schroeder, Rodrigo"]
[WhiteFideId "1106236"]
[BlackFideId "3400042"]
[WhiteElo "2304"]
[BlackElo "2572"]
[Result "0-1"]
[Round "10"]
[TimeControl "180+1"]
[Date "2021.07.27"]
[WhiteClock "0:00:11"]
[BlackClock "0:00:31"]

1. e4 c5 2. c3 Nf6 3. e5 Nd5 4. d4 cxd4 5. Nf3 Nc6 6. cxd4 d6 7. Bc4 dxe5 8. Bxd5 Qxd5 9. Nc3 Qd6 10. d5 Nd4 11. Nxd4 exd4 12. Qa4+ Bd7 13. Qxd4 e5 14. Qc4 f5 15. O-O Rc8 16. Qb3 b6 17. Re1 Be7 18. Nb5 Bxb5 19. Qxb5+ Kf7 20. Qd3 e4 21. Qh3 Qxd5 22. Bf4 Rcd8 23. g4 fxg4 24. Qxg4 Bf6 25. Rad1 Qe6 26. Qxe6+ Kxe6 27. Rxe4+ Kf5 28. Rxd8 Rxd8 29. Ra4 Bxb2 30. Bc7 Rd1+ 31. Kg2 Rd7 32. Rxa7 Bd4 33. Bb8 Rxa7 34. Bxa7 Ke4 35. a4 Kd5 36. Kf3 Bc5 37. Ke2 Kc4 38. Bb8 Kb4 39. Be5 g6 40. f4 Kxa4 41. Kd3 b5 42. Ke4 Kb3 43. f5 Kc4 44. fxg6 hxg6 45. h3 b4 46. Bf6 Bd6 47. Bg7 b3 48. Bb2 Bb4 49. Kf4 Bd2+ 50. Kg4 Kd3 51. h4 Kc2 52. Ba3 Kb1 53. h5 gxh5+ 54. Kxh5 Ka2 0-1


[Site "https://www.chess.com"]

[Event "Titled Tuesday Blitz July 27 2021"]
[White "Dushyant Sharma"]
[Black "Seletsky, Grigory"]
[WhiteFideId "25065130"]
[BlackFideId "14112191"]
[WhiteElo "2019"]
[BlackElo "2492"]
[Result "1-0"]
[Round "10"]
[TimeControl "180+1"]
[Date "2021.07.27"]
[WhiteClock "0:02:09"]
[BlackClock "0:01:30"]

1. e4 e6 2. Nf3 d5 3. exd5 exd5 4. d4 c6 5. Bd3 Bd6 6. c3 Ne7 7. O-O Bg4 8. Be3 Nd7 9. Nbd2 Ng6 10. Re1 O-O 11. h3 Bxf3 12. Nxf3 h6 13. Qd2 Qf6 14. Re2 Nf4 15. Bxf4 Bxf4 16. Qc2 Rfe8 17. Rae1 Kf8 18. b4 Rxe2 19. Qxe2 Bd6 20. a4 a6 21. b5 axb5 22. axb5 Kg8 23. c4 cxb5 24. c5 Bc7 25. Bxb5 Nf8 26. Qe7 Ne6 27. Rxe6 Qxe6 28. Qxc7 Ra1+ 29. Kh2 g5 30. Bd7 Qf6 31. Bc8 Rb1 32. Bxb7 h5 33. Bxd5 g4 34. hxg4 hxg4 35. Qc8+ Kh7 36. Qxg4 1-0


[Site "https://www.chess.com"]

[Event "Titled Tuesday Blitz July 27 2021"]
[White "Dvirnyy, Danyyil"]
[Black "Poormosavi, Seyed Kian"]
[WhiteFideId "817570"]
[BlackFideId "12585807"]
[WhiteElo "2727"]
[BlackElo "2549"]
[Result "1-0"]
[Round "10"]
[TimeControl "180+1"]
[Date "2021.07.27"]
[WhiteClock "0:00:15"]
[BlackClock "0:00:07"]

1. d4 Nf6 2. Bf4 e6 3. e3 b6 4. Nf3 Bb7 5. Be2 Be7 6. h3 O-O 7. O-O c5 8. c3 d6 9. Bh2 cxd4 10. exd4 Nbd7 11. a4 a6 12. Nbd2 Re8 13. Re1 Nf8 14. Bd3 Ng6 15. Qe2 Nd5 16. Qf1 Qd7 17. Bg3 Ndf4 18. Bc4 Rec8 19. h4 Qd8 20. Bb3 Nh5 21. Ne4 Bxe4 22. Rxe4 d5 23. Re3 Bxh4 24. Nxh4 Nxh4 25. Bh2 Qg5 26. Kh1 Nf6 27. Rh3 Ng4 28. Qe2 Nf5 29. Rf1 b5 30. a5 b4 31. Bc2 bxc3 32. bxc3 Rc6 33. Bd3 Rxc3 34. Bxf5 Rxh3 35. Bxg4 Rh6 36. Bh3 Qh4 37. f4 Qd8 38. Qd2 Rb8 39. f5 Rb5 40. fxe6 fxe6 41. Qf4 Rf6 42. Qc1 Rxf1+ 43. Qxf1 Qf6 44. Qe1 Rxa5 45. Qxa5 h6 46. Qd2 a5 47. Qxa5 Qxd4 48. Bxe6+ Kh7 49. Qxd5 Qa1+ 50. Bg1 Qf6 51. Qf5+ Qxf5 52. Bxf5+ g6 53. Bd3 h5 54. g3 Kh6 55. Kg2 g5 56. Be3 h4 57. gxh4 Kh5 58. Bxg5 Kg4 59. Be2+ Kf5 60. Kg3 1-0


[Site "https://www.chess.com"]

[Event "Titled Tuesday Blitz July 27 2021"]
[White "Eggleston, Thomas A"]
[Black "Provotorov, Ivan"]
[WhiteFideId "412139"]
[BlackFideId "4154657"]
[WhiteElo "2174"]
[BlackElo "2270"]
[Result "0-1"]
[Round "10"]
[TimeControl "180+1"]
[Date "2021.07.27"]
[WhiteClock "0:00:37"]
[BlackClock "0:00:50"]

1. e4 e6 2. d4 d5 3. exd5 exd5 4. c4 Nf6 5. Nc3 Be7 6. Nf3 O-O 7. cxd5 Bg4 8. Bd3 Nbd7 9. h3 Bh5 10. g4 Bg6 11. Bxg6 hxg6 12. Ne5 Nb6 13. Be3 Nbxd5 14. O-O Nxc3 15. bxc3 Nd5 16. Qf3 c6 17. c4 Nxe3 18. fxe3 Bf6 19. Nd3 Qe7 20. Rae1 Rfe8 21. Nc5 b6 22. Nd3 Qe4 23. Qxe4 Rxe4 24. Nf2 Re7 25. Kg2 Rae8 26. Kf3 Bxd4 27. Nd1 Re4 28. Rf2 Bc5 29. Rd2 Bb4 30. Rde2 Bxe1 31. Rxe1 Rxc4 32. Re2 Rd8 33. Nf2 f5 34. gxf5 gxf5 35. Kg3 a5 36. h4 b5 37. Nh3 Rg4+ 38. Kf3 Rxh4 39. Nf4 Re8 40. Rc2 g5 41. Ng2 Rc4 42. Rd2 Re7 43. Rd6 Kf7 44. Rh6 Kg7 45. Rd6 a4 46. Rd2 b4 47. Ne1 b3 48. axb3 axb3 49. Rb2 Rc3 50. Ng2 c5 51. Ke2 Rc2+ 52. Rxc2 bxc2 53. Kd2 f4 54. exf4 Re2+ 55. Kxe2 c1=Q 56. fxg5 Qxg5 57. Ne3 0-1


[Site "https://www.chess.com"]

[Event "Titled Tuesday Blitz July 27 2021"]
[White "Estrada Nieto, Julian"]
[Black "Jodorcovsky Werjivker, Paulo"]
[WhiteFideId "5101018"]
[BlackFideId "3700305"]
[WhiteElo "2270"]
[BlackElo "2142"]
[Result "1-0"]
[Round "10"]
[TimeControl "180+1"]
[Date "2021.07.27"]
[WhiteClock "0:00:03"]
[BlackClock "0:00:38"]

1. e4 e5 2. Nf3 Nc6 3. Bb5 a6 4. Ba4 Nf6 5. O-O Be7 6. Bxc6 dxc6 7. d3 Bg4 8. Nbd2 Nd7 9. h3 Bh5 10. b3 Bd6 11. Bb2 Qf6 12. Nc4 O-O-O 13. Re1 h6 14. d4 Bxf3 15. Qxf3 Qxf3 16. gxf3 exd4 17. Nxd6+ cxd6 18. Bxd4 Ne5 19. Kg2 g5 20. Rad1 Rhf8 21. Bxe5 dxe5 22. Kg3 h5 23. h4 f6 24. Rh1 Rxd1 25. Rxd1 Rd8 26. Rh1 Rh8 27. Rd1 Rg8 28. Rd6 Rf8 29. hxg5 fxg5 30. Re6 h4+ 31. Kg2 Rf4 32. Rxe5 g4 33. fxg4 Rxg4+ 34. Kf3 Rg1 35. Ke2 Rc1 36. Kd3 Rf1 37. Rh5 Rxf2 38. Rxh4 Rf3+ 39. Kd4 Kc7 40. Rh7+ Kc8 41. a4 Rf2 42. Kc3 Rf3+ 43. Kc4 Re3 44. Kd4 Re2 45. Kd3 Re1 46. a5 Rd1+ 47. Kc4 Re1 48. Re7 Kd8 49. Rxb7 Rxe4+ 50. Kc3 Re5 51. b4 Re3+ 52. Kc4 Re2 53. c3 Re5 54. Rb6 Kc7 55. Rxa6 Kb7 56. Rb6+ Kc7 57. b5 cxb5+ 58. Rxb5 Re4+ 59. Kb3 Kc6 60. Rg5 Kb7 61. c4 Ka6 62. Kb4 Re1 63. Rg6+ Ka7 64. Kb5 Rb1+ 65. Kc5 Rh1 66. a6 Rh5+ 67. Kb4 Rh4 68. Kb5 Rh1 69. Rg7+ Ka8 70. c5 Rb1+ 71. Kc6 Rb8 72. Rc7 Rh8 73. Kb6 Kb8 74. a7+ Ka8 75. c6 Rg8 76. Rd7 Rh8 77. c7 Rh6+ 78. Kb5 Rh5+ 79. Kb4 Rh4+ 80. Kc5 Rh5+ 81. Kc6 Rh6+ 82. Rd6 Kxa7 83. Rxh6 Ka6 84. Rh8 Ka5 85. c8=Q Kb4 86. Qb7+ Ka5 87. Rg8 Ka4 88. Rg4+ Ka5 89. Qb5# 1-0


[Site "https://www.chess.com"]

[Event "Titled Tuesday Blitz July 27 2021"]
[White "Florescu, Codrut-Constantin"]
[Black "Balabayeva, Xeniya"]
[WhiteFideId "1202200"]
[BlackFideId "13719688"]
[WhiteElo "2243"]
[BlackElo "1988"]
[Result "1-0"]
[Round "10"]
[TimeControl "180+1"]
[Date "2021.07.27"]
[WhiteClock "0:00:16"]
[BlackClock "0:00:01"]

1. d4 d5 2. c4 e6 3. Nf3 a6 4. g3 dxc4 5. Bg2 Nc6 6. O-O Nf6 7. Bf4 Be7 8. a4 O-O 9. Qc2 Na5 10. Nbd2 Nd5 11. Nxc4 Nxc4 12. Qxc4 Nxf4 13. gxf4 Bd7 14. Rfc1 Bc6 15. Ne5 Bxg2 16. Kxg2 Rc8 17. b4 c6 18. e3 Bd6 19. Nf3 h6 20. Rab1 Qd7 21. Rd1 f6 22. h3 Kh8 23. Nh4 Qe8 24. Qd3 Rf7 25. Qg6 Rfc7 26. Kf3 Qxg6 27. Nxg6+ Kh7 28. Rg1 b5 29. a5 Re8 30. h4 h5 31. e4 Bf8 32. Nxf8+ Rxf8 33. Rbc1 Rd8 34. Ke3 Kg8 35. Rc5 Kf7 36. Rgc1 Rcd7 37. Rd1 Rd6 38. Rxh5 Kg6 39. Rc5 Rh8 40. Rg1+ Kf7 41. h5 Rhd8 42. Rd1 f5 43. e5 Rd5 44. Rxc6 Rh8 45. Rc7+ Ke8 46. Rc8+ Rd8 47. Rxd8+ Kxd8 48. d5 Rxh5 49. dxe6+ Ke7 50. Rd6 Rh3+ 51. f3 Rh1 52. Rxa6 Rb1 53. Ra7+ Kxe6 54. Rxg7 Rb3+ 55. Kf2 Rxb4 56. Kg3 Ra4 57. Rg6+ Ke7 58. a6 b4 59. Rb6 b3 60. Rxb3 Rxa6 61. Rb7+ Ke8 62. Rg7 Kf8 63. Rg5 Ke7 64. Rxf5 Rh6 65. Rg5 Ke6 66. Kg4 Rh1 67. Rg6+ Ke7 68. Kf5 Rh5+ 69. Rg5 Rh7 70. Ke4 1-0


[Site "https://www.chess.com"]

[Event "Titled Tuesday Blitz July 27 2021"]
[White "Gabrielian, Artur"]
[Black "Indjic, Aleksandar"]
[WhiteFideId "4131002"]
[BlackFideId "911925"]
[WhiteElo "2523"]
[BlackElo "2643"]
[Result "0-1"]
[Round "10"]
[TimeControl "180+1"]
[Date "2021.07.27"]
[WhiteClock "0:00:18"]
[BlackClock "0:00:15"]

1. e4 e5 2. Nc3 Nf6 3. g3 Bc5 4. Bg2 d5 5. exd5 c6 6. Nge2 O-O 7. O-O cxd5 8. d4 exd4 9. Nxd4 Bxd4 10. Qxd4 Nc6 11. Qh4 h6 12. a3 Bf5 13. Re1 d4 14. Ne4 Nxe4 15. Qxd8 Raxd8 16. Bxe4 Rfe8 17. f3 Bxe4 18. fxe4 Ne5 19. Kg2 d3 20. cxd3 Nxd3 21. Re2 f5 22. Bd2 Rxe4 23. Rxe4 fxe4 24. Be3 b6 25. b4 Rc8 26. Ra2 Kf7 27. g4 Rc2+ 28. Rxc2 Ne1+ 29. Kg3 Nxc2 30. Kf4 Nxa3 31. Kxe4 Ke6 32. h4 Nc4 33. Bd4 Nd6+ 34. Kf4 g6 35. h5 g5+ 36. Ke3 a5 37. bxa5 bxa5 38. Bg7 Nf7 39. Kd4 a4 40. Kc3 a3 41. Kb3 Kd5 42. Kxa3 Ke4 43. Kb4 Kf3 44. Kc4 Kxg4 45. Kd5 Kxh5 46. Ke4 Kg4 0-1


[Site "https://www.chess.com"]

[Event "Titled Tuesday Blitz July 27 2021"]
[White "Gasanov, Zaur"]
[Black "Koepke, Christian"]
[WhiteFideId "34125970"]
[BlackFideId "4655737"]
[WhiteElo "2099"]
[BlackElo "2216"]
[Result "1-0"]
[Round "10"]
[TimeControl "180+1"]
[Date "2021.07.27"]
[WhiteClock "0:00:08"]
[BlackClock "0:00:01"]

1. d4 Nf6 2. Nf3 g6 3. Bf4 Bg7 4. e3 O-O 5. h3 d6 6. Be2 c5 7. O-O Qb6 8. b3 Nc6 9. c3 cxd4 10. exd4 Bf5 11. Bh2 Rfc8 12. Nbd2 Nd5 13. Rc1 Bh6 14. Bc4 Nf4 15. Bxf4 Bxf4 16. Qe2 Qd8 17. Bd3 Bxd3 18. Qxd3 d5 19. Rfe1 Rab8 20. Rcd1 Bxd2 21. Rxd2 b5 22. Ne5 b4 23. c4 dxc4 24. Nxc4 e6 25. d5 exd5 26. Qxd5 Qxd5 27. Rxd5 Rd8 28. Red1 Kf8 29. Kf1 Rxd5 30. Rxd5 Rd8 31. Rc5 Nd4 32. Rc7 Nb5 33. Rb7 Nc3 34. g3 Rd1+ 35. Kg2 Nxa2 36. Rxa7 Nc1 37. Ne5 Nxb3 38. Rxf7+ Ke8 39. Rb7 Rd4 40. Nc6 Rc4 41. Nxb4 h5 42. Nd5 Nd4 43. Nf6+ Kf8 44. Nd7+ Kg8 45. Ne5 g5 46. Nxc4 1-0


[Site "https://www.chess.com"]

[Event "Titled Tuesday Blitz July 27 2021"]
[White "Gelman, Alexander"]
[Black "Rustemov, Alexander"]
[WhiteFideId "4118316"]
[BlackFideId "4119002"]
[WhiteElo "2375"]
[BlackElo "2793"]
[Result "0-1"]
[Round "10"]
[TimeControl "180+1"]
[Date "2021.07.27"]
[WhiteClock "0:00:09"]
[BlackClock "0:00:17"]

1. d4 f5 2. Nc3 Nf6 3. Bf4 e6 4. g4 Nxg4 5. e4 Bb4 6. e5 Qh4 7. Bg3 Qe7 8. h3 Nh6 9. Qh5+ Qf7 10. Qf3 O-O 11. O-O-O f4 12. Bh4 Nc6 13. Nge2 d6 14. exd6 Bxd6 15. Bg5 e5 16. Bxh6 gxh6 17. Rg1+ Kh8 18. dxe5 Nxe5 19. Qe4 Bf5 20. Qd4 Bg6 21. Bg2 Rad8 22. Bd5 Qf6 23. Ne4 Qf5 24. Bb3 b6 25. Kb1 Qxe4 26. Qc3 Qf3 27. Qd4 c5 28. Qd2 Bc7 29. Qc1 Qxe2 30. Rde1 Qxf2 31. Rxe5 Bxe5 0-1


[Site "https://www.chess.com"]

[Event "Titled Tuesday Blitz July 27 2021"]
[White "Golubev, Mikhail"]
[Black "Murzin, Volodar"]
[WhiteFideId "14100983"]
[BlackFideId "44155573"]
[WhiteElo "2374"]
[BlackElo "2541"]
[Result "0-1"]
[Round "10"]
[TimeControl "180+1"]
[Date "2021.07.27"]
[WhiteClock "0:00:02"]
[BlackClock "0:00:24"]

1. e4 c6 2. d4 d5 3. e5 Bf5 4. h4 h5 5. c4 e6 6. Nc3 Ne7 7. Nge2 dxc4 8. Ng3 b5 9. Bg5 Qb6 10. a4 Bg6 11. axb5 cxb5 12. d5 Nxd5 13. Nxd5 exd5 14. Qxd5 Bb4+ 15. Bd2 Bxd2+ 16. Qxd2 Nc6 17. Be2 O-O 18. Bxh5 Nxe5 19. O-O Rfd8 20. Qg5 Qf6 21. Qe3 a6 22. Bxg6 Nxg6 23. h5 Nf4 24. Ne4 Qh6 25. Rfd1 Nd3 26. Qe2 Re8 27. Qf3 Rad8 28. b3 Rd4 29. bxc4 bxc4 30. Ng3 Rf4 31. Qb7 Rxf2 32. Rxd3 cxd3 33. Kxf2 Qf6+ 34. Kg1 Qxa1+ 35. Kh2 d2 36. Qd7 Qe1 37. h6 d1=Q 38. h7+ Kh8 39. Qxe8+ Qxe8 0-1


[Site "https://www.chess.com"]

[Event "Titled Tuesday Blitz July 27 2021"]
[White "Goncalves, Ivan Mesquita V"]
[Black "Amburgy, Ryan"]
[WhiteFideId "2114224"]
[BlackFideId "30924820"]
[WhiteElo "2299"]
[BlackElo "2066"]
[Result "1-0"]
[Round "10"]
[TimeControl "180+1"]
[Date "2021.07.27"]
[WhiteClock "0:00:09"]
[BlackClock "0:00:08"]

1. d4 Nf6 2. c4 e6 3. Nc3 Bb4 4. e3 b6 5. Ne2 Bb7 6. a3 Bd6 7. Ng3 h5 8. d5 Be5 9. Be2 Bxc3+ 10. bxc3 h4 11. Nf1 exd5 12. cxd5 Bxd5 13. f3 d6 14. e4 Be6 15. Bg5 Nbd7 16. Qd2 Qe7 17. a4 a6 18. Ne3 Nc5 19. Qb2 h3 20. g3 O-O 21. c4 Ncd7 22. O-O Qe8 23. Nd5 Bxd5 24. cxd5 Qe5 25. Qd2 Nc5 26. Bf4 Qe8 27. Qb2 Nfd7 28. a5 b5 29. Be3 f5 30. Bd4 Qe7 31. Rae1 fxe4 32. fxe4 Ne5 33. Qc3 Na4 34. Qe3 Rxf1+ 35. Rxf1 Rf8 36. Rc1 Qd7 37. Kh1 Ng4 38. Qg5 Nf2+ 39. Bxf2 Rxf2 40. Bg4 Qe8 41. Be6+ Kf8 42. Kg1 Rf6 43. Qh4 Nc5 44. Qh8+ Ke7 45. Qxg7+ Rf7 46. Bxf7 Qxf7 47. Qg5+ Qf6 48. Qxf6+ Kxf6 49. Kf2 Ke5 50. Ke3 b4 51. Rc4 b3 52. Rb4 b2 53. Rxb2 Nxe4 54. Rc2 Nf6 55. Rc6 Nxd5+ 56. Kf3 Nb4 57. Rxc7 d5 58. g4 d4 59. g5 Kf5 60. Rc5+ Kg6 61. Ke4 d3 62. Ke3 Kh5 63. Kd2 Kg6 64. Rc4 Nd5 65. Kxd3 Ne7 66. Rc5 Nf5 67. Ke4 Ne7 68. Rc7 Nf5 69. Ra7 Kxg5 70. Rxa6 Kg4 71. Rf6 Ng3+ 72. hxg3 Kg5 73. Rf8 Kg4 74. Rh8 Kxg3 75. Rxh3+ Kxh3 76. a6 Kg4 77. a7 Kg5 78. a8=Q Kg6 79. Qd5 1-0


[Site "https://www.chess.com"]

[Event "Titled Tuesday Blitz July 27 2021"]
[White "Gontcharov, Vladislav"]
[Black "Nastore, Pavel-Alexandru"]
[WhiteFideId "4123492"]
[BlackFideId "1255002"]
[WhiteElo "2503"]
[BlackElo "1763"]
[Result "0-1"]
[Round "10"]
[TimeControl "180+1"]
[Date "2021.07.27"]
[WhiteClock "0:00:16"]
[BlackClock "0:00:11"]

1. e4 c5 2. Nf3 d6 3. d4 cxd4 4. Qxd4 Nc6 5. Bb5 a6 6. Bxc6+ bxc6 7. c4 e5 8. Qd3 Qc7 9. O-O Be7 10. Nc3 Nf6 11. Bg5 h6 12. Be3 O-O 13. h3 Be6 14. Rac1 Qb7 15. b3 Rad8 16. Qe2 Rfe8 17. Rfd1 Bf8 18. Na4 Rc8 19. Bd2 Nd7 20. Be3 f5 21. exf5 Bxf5 22. Nd2 d5 23. cxd5 cxd5 24. Nf1 d4 25. Bd2 e4 26. Ng3 Bh7 27. Rxc8 Qxc8 28. Qg4 Nf6 29. Qxc8 Rxc8 30. Bf4 d3 31. Rc1 Rxc1+ 32. Bxc1 Nd5 33. a3 Bd6 34. Nf1 Nc3 35. Bb2 Nb5 36. b4 Nc7 37. Ne3 g5 38. Nb6 Kf7 39. Nbc4 Bf4 40. Kf1 Ke6 41. Ke1 Nd5 42. Bd4 Nxe3 43. fxe3 Bg3+ 44. Kd2 Kd5 45. Nb2 Bd6 46. Kc3 Be5 47. Bxe5 Kxe5 48. Nc4+ Kd5 49. a4 Bf5 50. b5 axb5 51. axb5 Kc5 52. b6 Bc8 53. Nd2 Bb7 54. Nc4 Ba6 55. Ne5 Kxb6 56. Nf7 Bc8 57. Nxh6 Be6 58. g3 Kc5 59. h4 gxh4 60. gxh4 Kd6 61. h5 Ke5 62. Kd2 Kf6 63. Ke1 Kg5 64. Kd2 Kxh6 65. Ke1 Kxh5 66. Kf2 Kg4 67. Kf1 Kf3 68. Ke1 Kxe3 69. Kd1 d2 70. Kc2 Bb3+ 71. Kc3 d1=Q 72. Kb4 Qd4+ 73. Kb5 Bc4+ 74. Kc6 Qd5+ 75. Kc7 Qe6 76. Kd8 Qf7 77. Kc8 Qe7 78. Kb8 Qd7 79. Ka8 Kd4 80. Kb8 Ba6 81. Ka8 Qb7# 0-1


[Site "https://www.chess.com"]

[Event "Titled Tuesday Blitz July 27 2021"]
[White "Gonzalez, Francisco Silva"]
[Black "Arkell, Keith C"]
[WhiteFideId "1512285"]
[BlackFideId "400270"]
[WhiteElo "2159"]
[BlackElo "2398"]
[Result "1-0"]
[Round "10"]
[TimeControl "180+1"]
[Date "2021.07.27"]
[WhiteClock "0:00:56"]
[BlackClock "0:00:13"]

1. d4 e6 2. c4 Bb4+ 3. Nc3 c5 4. a3 Bxc3+ 5. bxc3 f5 6. e3 Nf6 7. Bd3 d6 8. Qc2 O-O 9. Ne2 g6 10. e4 fxe4 11. Bxe4 Nxe4 12. Qxe4 Nc6 13. Bh6 Rf7 14. O-O d5 15. cxd5 exd5 16. Qe3 c4 17. Ng3 Bf5 18. Rfe1 Qd7 19. Qg5 Re8 20. h4 Rxe1+ 21. Rxe1 Re7 22. Rxe7 Qxe7 23. Qf4 Qd7 24. h5 a6 25. a4 b5 26. axb5 axb5 27. Nxf5 gxf5 28. Qg5+ Kf7 29. Qg7+ Ke6 30. Qg8+ Qf7 31. Qc8+ Qd7 32. Qf8 Qf7 33. Qc5 Qd7 34. Bf4 Ne7 35. Bg5 Nc8 36. f4 Nd6 37. Qb6 Kf7 38. Qb8 Ne4 39. Qh8 Ke6 40. Qe5+ Kf7 41. Kh2 Nxc3 42. Qf6+ Kg8 43. Bh6 1-0


[Site "https://www.chess.com"]

[Event "Titled Tuesday Blitz July 27 2021"]
[White "Hajiyeva, Laman"]
[Black "Iskusnyh, Sergei"]
[WhiteFideId "13415875"]
[BlackFideId "4120027"]
[WhiteElo "1728"]
[BlackElo "2492"]
[Result "1-0"]
[Round "10"]
[TimeControl "180+1"]
[Date "2021.07.27"]
[WhiteClock "0:00:19"]
[BlackClock "0:00:01"]

1. d4 d5 2. c4 e6 3. cxd5 exd5 4. Nc3 c6 5. Bf4 Bf5 6. e3 Nf6 7. Bd3 Bxd3 8. Qxd3 Nbd7 9. Nf3 Be7 10. h3 O-O 11. O-O Re8 12. Ne5 Nxe5 13. Bxe5 a5 14. Rad1 a4 15. a3 Nd7 16. e4 Nb6 17. Qg3 Bf8 18. Bc7 Qd7 19. Bxb6 dxe4 20. d5 c5 21. d6 Re6 22. Bc7 Rg6 23. Qe3 Re8 24. Kh1 Bxd6 25. Bxd6 Rxd6 26. Qxc5 Rd3 27. Rxd3 Qxd3 28. Rd1 Qc2 29. Qb5 Rf8 30. Qe2 Qb3 31. Nxe4 h6 32. Rd7 Rc8 33. Nc3 b5 34. Re7 Kh7 35. Qe4+ Kh8 36. Re8+ Rxe8 37. Qxe8+ Kh7 38. Qxb5 Qc2 39. Qxa4 Qxf2 40. Qe4+ g6 41. b4 Qb2 42. Nb5 h5 43. Qc4 Qf2 44. Nc7 Qe1+ 45. Kh2 Qe5+ 46. Kg1 Qe1+ 47. Qf1 Qe3+ 48. Kh1 f5 49. Nd5 Qxa3 50. Nf6+ Kg7 51. Nd5 Qb2 52. Qd1 h4 53. Kg1 Kh6 54. Kh1 Kh7 55. Qd3 Qc1+ 56. Kh2 Kg7 57. Qd4+ Kh7 58. Qd3 Qb2 59. Qc3 1-0


[Site "https://www.chess.com"]

[Event "Titled Tuesday Blitz July 27 2021"]
[White "Hasangatin, Ramil"]
[Black "Luo, Terry"]
[WhiteFideId "4122160"]
[BlackFideId "30931045"]
[WhiteElo "2375"]
[BlackElo "2024"]
[Result "1-0"]
[Round "10"]
[TimeControl "180+1"]
[Date "2021.07.27"]
[WhiteClock "0:01:40"]
[BlackClock "0:01:49"]

1. e4 c5 2. Nf3 d6 3. d4 cxd4 4. Qxd4 Nf6 5. e5 dxe5 6. Qxd8+ Kxd8 7. Nxe5 Ke8 8. Be2 e6 9. Bf3 Bd6 10. Nc4 Bc7 11. Nc3 Nc6 12. Nb5 Bb8 13. Nbd6+ Ke7 14. Nxc8+ Rxc8 15. Be3 Nd5 16. Bc5+ Ke8 17. O-O-O Ne5 18. Bxd5 exd5 19. Nd6+ Bxd6 20. Bxd6 Nc4 21. Rxd5 Nxd6 22. Rxd6 Rd8 23. Re1+ Kf8 24. Rxd8+ Rxd8 25. Rd1 Re8 26. Rd7 Re2 27. Rxb7 Rxf2 28. Rxa7 Rxg2 29. b4 Rxh2 30. b5 Rh6 31. a4 g5 32. a5 g4 33. b6 Rh1+ 34. Kb2 g3 35. b7 g2 36. b8=Q+ Kg7 37. Qg3+ 1-0


[Site "https://www.chess.com"]

[Event "Titled Tuesday Blitz July 27 2021"]
[White "Hoffmann, Asa"]
[Black "Derraugh, Geordie"]
[WhiteFideId "2001470"]
[BlackFideId "2603950"]
[WhiteElo "2117"]
[BlackElo "2132"]
[Result "1-0"]
[Round "10"]
[TimeControl "180+1"]
[Date "2021.07.27"]
[WhiteClock "0:00:35"]
[BlackClock "0:00:13"]

1. d4 Nf6 2. Bg5 d5 3. Nd2 c5 4. e3 Nc6 5. c3 h6 6. Bh4 g5 7. Bg3 Qb6 8. b3 Bg7 9. Bd3 O-O 10. h4 g4 11. Ne2 cxd4 12. exd4 Re8 13. O-O e5 14. dxe5 Nxe5 15. Bc2 Nh5 16. Kh2 f5 17. Nf4 Nxf4 18. Bxf4 Ng6 19. Be3 Qc7+ 20. g3 Bxc3 21. Rc1 Nxh4 22. Bd3 Rxe3 23. fxe3 Qe5 24. Qe2 Bxd2 25. Qxd2 Nf3+ 26. Rxf3 gxf3 27. Rf1 Be6 28. Rxf3 Rd8 29. Qf2 Rf8 30. Kg2 Rf6 31. g4 Rg6 32. Bxf5 Bxf5 33. Rxf5 Rxg4+ 34. Kh3 Qg7 35. Rxd5 Re4 36. Rd8+ Kh7 37. Qf5+ Qg6 38. Rd7+ 1-0


[Site "https://www.chess.com"]

[Event "Titled Tuesday Blitz July 27 2021"]
[White "Horak, Martin"]
[Black "Pelopidass"]
[WhiteFideId "367095"]
[WhiteElo "1997"]
[BlackElo "2578"]
[Result "1-0"]
[Round "10"]
[TimeControl "180+1"]
[Date "2021.07.27"]
[WhiteClock "0:00:06"]
[BlackClock "0:00:01"]

1. e4 e5 2. f4 Bc5 3. Nf3 d6 4. Nc3 Nf6 5. Bc4 c6 6. d3 b5 7. Bb3 a5 8. a4 b4 9. Nb1 Ng4 10. Qe2 Bf2+ 11. Kf1 Ba7 12. h3 Nf2 13. Rh2 exf4 14. Bxf4 Qf6 15. Bc1 O-O 16. g4 Nxg4 17. hxg4 Bxg4 18. Kg2 Nd7 19. Be3 Ne5 20. Nbd2 d5 21. Bxa7 Rxa7 22. Rf1 Re7 23. Kh1 Nxf3 24. Nxf3 dxe4 25. dxe4 Qxb2 26. Rg2 Bh5 27. Qe3 Rfe8 28. e5 Bg6 29. Rfg1 Qc3 30. Qxc3 bxc3 31. Nh4 Rxe5 32. Nxg6 hxg6 33. Rxg6 Rh5+ 34. Kg2 Kf8 35. Rxc6 Re2+ 36. Kf3 Rd2 37. Rc8+ Ke7 38. Rc7+ Ke8 39. Bxf7+ Kd8 40. Bxh5 1-0


[Site "https://www.chess.com"]

[Event "Titled Tuesday Blitz July 27 2021"]
[White "Kalashian, David"]
[Black "Araujo Sanchez, Josue"]
[WhiteFideId "13302418"]
[BlackFideId "6416896"]
[WhiteElo "2519"]
[BlackElo "2726"]
[Result "0-1"]
[Round "10"]
[TimeControl "180+1"]
[Date "2021.07.27"]
[WhiteClock "0:00:07"]
[BlackClock "0:00:53"]

1. e4 d5 2. exd5 Qxd5 3. Nc3 Qd6 4. d4 Nf6 5. Be2 Nc6 6. Be3 Bf5 7. Nf3 O-O-O 8. O-O e6 9. Nb5 Qb4 10. c4 a6 11. Nc3 Qxb2 12. Rc1 Ne4 13. Nxe4 Bxe4 14. Ng5 Bg6 15. d5 Be7 16. Bd3 Bxg5 17. Bxg5 f6 18. Bf4 Ne5 19. Bxg6 Nxg6 20. Bg3 Rhe8 21. Rb1 Qa3 22. Qh5 Nf8 23. Rb3 Qc5 24. Rfb1 b6 25. Bxc7 Kxc7 26. Rxb6 Qxb6 27. Rxb6 Kxb6 28. h3 exd5 29. cxd5 Re7 30. Qf3 Red7 31. a4 Kc5 32. Qd3 Ng6 33. Qxa6 Kxd5 34. Qb5+ Ke6 35. a5 Ne5 36. a6 Rc7 37. Qb6+ Kd7 38. a7 Nc6 39. Qb5 Rxa7 40. Qd5+ Kc7 41. Qf5 h6 42. Qf4+ Ne5 43. Kh2 Rd7 44. Qc1+ Kd8 45. Qf4 Rac7 46. Qf5 Ke8 47. Qh7 Kf8 48. h4 Rc3 49. f3 Rd2 50. Kg3 Rcc2 51. Kf4 Rxg2 52. Qe4 Rc4 0-1


[Site "https://www.chess.com"]

[Event "Titled Tuesday Blitz July 27 2021"]
[White "Kashtanov, Ruslan"]
[Black "Langrock, Hannes"]
[WhiteFideId "4124871"]
[BlackFideId "4655290"]
[WhiteElo "2174"]
[BlackElo "2353"]
[Result "0-1"]
[Round "10"]
[TimeControl "180+1"]
[Date "2021.07.27"]
[WhiteClock "0:00:02"]
[BlackClock "0:00:07"]

1. d4 f5 2. Bg5 g6 3. Nc3 Bg7 4. Nf3 h6 5. Bf4 Nf6 6. e3 d6 7. h3 Nc6 8. Bc4 e6 9. Qd3 Qe7 10. Bh2 Bd7 11. O-O-O O-O-O 12. Bb3 e5 13. dxe5 dxe5 14. Qb5 a6 15. Qc4 Na5 16. Qf7 Nxb3+ 17. Qxb3 Be6 18. Qa4 Nd7 19. Nd5 Qc5 20. b4 Qc4 21. Qb3 Qxb3 22. axb3 Rhe8 23. c4 c6 24. Nc3 Bf7 25. Na4 b5 26. Nb2 Nb6 27. c5 Nd5 28. Rd2 Nxb4 29. Rxd8+ Kxd8 30. Rd1+ Kc8 31. Rd6 Re6 32. Rxe6 Bxe6 33. Bxe5 Bf8 34. Bd6 Bxd6 35. cxd6 Kd7 36. Ne5+ Kxd6 37. Nxg6 Bxb3 38. Nh4 Be6 39. Ng6 a5 0-1


[Site "https://www.chess.com"]

[Event "Titled Tuesday Blitz July 27 2021"]
[White "Kobo, Ori"]
[Black "Tomiello, Lucas Costamilan"]
[WhiteFideId "2812320"]
[BlackFideId "22701940"]
[WhiteElo "2431"]
[BlackElo "1945"]
[Result "1-0"]
[Round "10"]
[TimeControl "180+1"]
[Date "2021.07.27"]
[WhiteClock "0:01:46"]
[BlackClock "0:00:50"]

1. Nf3 Nf6 2. c4 g6 3. g3 Bg7 4. Bg2 O-O 5. Nc3 d5 6. cxd5 Nxd5 7. O-O c5 8. Nxd5 Qxd5 9. d3 Nc6 10. Be3 Qd6 11. Rc1 Nd4 12. Nxd4 cxd4 13. Bd2 Be6 14. Qa4 Bd5 15. Bb4 Qe6 16. Bxd5 Qxd5 17. Rc7 e6 18. Bxf8 Bxf8 19. Rfc1 b5 20. Qa6 Kg7 21. Qb7 Qxb7 22. Rxb7 a6 23. Rcc7 1-0


[Site "https://www.chess.com"]

[Event "Titled Tuesday Blitz July 27 2021"]
[White "Kretov, Evgenij"]
[Black "Ahmadzada, Ahmad"]
[WhiteFideId "4167821"]
[BlackFideId "13413007"]
[WhiteElo "2400"]
[BlackElo "2226"]
[Result "0-1"]
[Round "10"]
[TimeControl "180+1"]
[Date "2021.07.27"]
[WhiteClock "0:00:38"]
[BlackClock "0:00:05"]

1. d4 Nf6 2. c4 Nc6 3. Nf3 e6 4. Nc3 Bb4 5. Bg5 h6 6. Bh4 g5 7. Bg3 Ne4 8. Qc2 Nxg3 9. hxg3 Qf6 10. e3 d6 11. Bd3 Bd7 12. O-O Bxc3 13. Qxc3 h5 14. Be4 h4 15. g4 Ne7 16. Bxb7 Rb8 17. Be4 h3 18. g3 d5 19. cxd5 exd5 20. Qxc7 Rc8 21. Qxa7 dxe4 22. Ne5 h2+ 23. Kh1 Bxg4 24. f4 Be6 25. fxg5 Qxg5 26. Rxf7 Bxf7 27. Qd7+ Kf8 28. Rf1 Rh7 29. Qe6 Rc1 30. Nd7+ Kg8 31. Nf6+ Kh8 32. Qa6 Rxf1+ 33. Qxf1 Qf5 34. Qxf5 Nxf5 35. Nxh7 Kxh7 36. a4 Nxe3 37. Kxh2 Ng4+ 38. Kg2 e3 39. Kf3 Bd5+ 40. Ke2 Bc4+ 41. Ke1 Nh2 42. a5 Nf3+ 0-1


[Site "https://www.chess.com"]